 Dungeon Crawl Stone Soup version 0.29.1-1-gd02db6906a (webtiles) character file.

Game seed: 14660312216999134820

303 oldmanjim the Covert (level 6, -2/53 HPs)
             Began as a Gnoll Delver on Sept 16, 2022.
             Was an Elder of Cheibriados.
             Slain by Robin
             ... wielding a +0 mace
              (6 damage)
             ... on level 3 of the Dungeon on Sept 17, 2022.
             The game lasted 00:24:05 (3012 turns).

oldmanjim the Covert (Gnoll Delver)                 Turns: 3012, Time: 00:24:05

Health: -2/53      AC:  4    Str: 21    XL:     6   Next: 38%
Magic:  9/9        EV: 15    Int: 20    God:    Cheibriados [****..]
Gold:   275        SH:  0    Dex: 22    Spells: 5/9 levels left

rFire   + . .      SeeInvis .   b - +2 long sword (vamp)
rCold   + . .      Faith    .   (no shield)
rNeg    . . .      Spirit   .   B - +2 robe {rC+ rF+}
rPois   .          Reflect  .   (no helmet)
rElec   .          Harm     .   (no cloak)
rCorr   .          Rampage  .   (no gloves)
Will    .....                   (no boots)
Stlth   +++++.....              (no amulet)
HPRegen 0.17/turn               i - ring of wizardry
MPRegen 0.11/turn               (no ring)

@: mighty, very slow
A: fangs 1, strong nose, distributed training
a: Renounce Religion, Bend Time, Temporal Distortion, Slouch


You were on level 3 of the Dungeon.
You worshipped Cheibriados.
Cheibriados was greatly pleased with you.
You visited 1 branch of the dungeon, and saw 5 of its levels.

You collected 275 gold pieces.

Inventory:

Hand Weapons
 a - a +0 sling
 b - a +2 vampiric long sword (weapon)
 v - a +0 spear
Missiles
 j - 32 stones (quivered)
 n - 2 poisoned darts
 u - 6 boomerangs
Armour
 h - a +2 animal skin
 p - a +0 chain mail
 B - a +2 robe of resistance (worn)
Magical Staves
 t - a staff of cold
Jewellery
 i - a ring of wizardry (left hand)
Wands
 g - a wand of digging (3)
Scrolls
 c - a scroll of fog
 d - 4 scrolls of magic mapping
 e - 2 scrolls of fear
 k - 3 scrolls of teleportation
 q - a scroll of identify
 r - a scroll of poison {unknown}
 w - a scroll of immolation
 y - a scroll of enchant armour {unknown}
Potions
 f - a potion of haste
 l - 3 potions of flight
 m - a potion of curing {unknown}
 o - 2 potions of lignification
 s - 2 potions of invisibility {unknown}
 x - 3 potions of might
 z - a potion of brilliance
 A - a potion of mutation


   Skills:
 + Level 6.8 Fighting
 + Level 2.0 Short Blades
 + Level 2.0 Long Blades
 + Level 2.0 Axes
 + Level 2.0 Maces & Flails
 + Level 5.0 Polearms
 + Level 2.0 Staves
 + Level 2.0 Ranged Weapons
 + Level 2.0 Throwing
 + Level 2.0 Armour
 + Level 5.0 Dodging
 + Level 9.8 Stealth
 + Level 2.0 Shields
 + Level 2.0 Unarmed Combat
 + Level 2.0 Spellcasting
 + Level 1.6 Conjurations
 + Level 1.6 Hexes
 + Level 1.6 Summonings
 + Level 1.6 Necromancy
 + Level 1.6 Translocations
 + Level 1.6 Transmutations
 + Level 1.6 Fire Magic
 + Level 1.6 Ice Magic
 + Level 1.6 Air Magic
 + Level 1.6 Earth Magic
 + Level 1.6 Poison Magic
 + Level 2.2 Invocations
 + Level 2.0 Evocations


You had 5 spell levels left.
You knew the following spells:

 Your Spells              Type           Power      Damage    Failure   Level
a - Slow                  Hex            32%        N/A       3%          1
b - Confusing Touch       Hex            8%         N/A       10%         3

Your spell library contained the following spells:

 Spells                   Type           Power      Damage    Failure   Level
 Vampiric Draining        Necr           8%         2d6       10%         3


Dungeon Overview and Level Annotations

Branches:
Dungeon (5/15)
 Temple: D:4-7

Altars:
Cheibriados
Trog

Annotations:
D:3 Robin


Innate Abilities, Weirdness & Mutations

You have very sharp teeth.
Your uncanny sense of smell can sniff out nearby items.
Your experience applies equally to all skills.


Message History

The goblin closely misses you. The goblin hits you with a +0 club.
The goblin closely misses you.
You closely miss the goblin.
The goblin is moderately wounded.
The goblin hits you with a +0 club. The goblin barely misses you.
The goblin hits you but does no damage. The goblin misses you.
You miss the goblin.
The goblin is moderately wounded.
The goblin barely misses you.
The goblin hits you but does no damage. x3
You slash the goblin!
You feel better.
You kill the goblin!
Cheibriados appreciates the change of pace.
The goblin barely misses you. The goblin closely misses you. x2
You barely miss the hobgoblin.
The goblin no longer looks unusually strong.
The goblin hits you with a +0 club.
* * * LOW HITPOINT WARNING * * *
The goblin hits you with a +0 club.
* * * LOW HITPOINT WARNING * * *
The goblin hits you but does no damage. The hobgoblin closely misses you.
The goblin hits you with a +0 dagger.
* * * LOW HITPOINT WARNING * * *
The hobgoblin misses you. The goblin barely misses you.
The goblin completely misses you.
You slash the hobgoblin!
You feel better.
You kill the hobgoblin!
Cheibriados appreciates the change of pace.
The goblin no longer looks unusually strong.
Robin roars a battlecry!
The goblins go into a battle-frenzy!
The goblin barely misses you. The goblin hits you with a +0 club.
* * * LOW HITPOINT WARNING * * *
The goblin barely misses you.
You barely miss the goblin. The goblin barely misses you. x2
The goblin misses you.
You completely miss Robin.
Robin says, "Bow before me, strongest of all the hobgoblins!"
Robin closely misses you. The goblin closely misses you. The goblin misses you.
The goblin hits you but does no damage. Robin hits you with a +0 mace.
You die...

### ########### #≈≈
∆∆∆ ....).'...# #≈≈
∆∆∆ ......ggg.#
#≈≈#### #@g.#
#≈≈...##########...#
#≈≈...#........)...#
#≈≈.).#....).......#
#≈≈..##'##.....##'##
#≈≈..#...#.)...#...
#≈≈..#...#.....#†..#
#≈≈..#...#.....#...#
#≈≈..##'##....†##+##


You could see Robin and 3 goblins.

Vanquished Creatures
  A hound (D:5)
  Jessica (D:2)
  Natasha (thrice) (D:2)
  An orc wizard (D:3)
  3 gnolls (D:3)
  An adder (D:3)
  A worm (D:3)
  2 dart slugs (D:2)
  9 orcs
  7 ball pythons
  6 endoplasms
  3 giant cockroaches (D:2)
  17 goblins
  10 hobgoblins
  5 jackals
  2 quokkas
  4 bats
  7 frilled lizards
  4 kobolds
  8 rats
95 creatures vanquished.

Notes
Turn   | Place    | Note
-------+----------+-------------------------------------------
     0 | D:5      | Reached skill level 9 in Stealth
     0 | D:5      | oldmanjim the Gnoll Delver began the quest for the Orb.
     0 | D:5      | Reached XP level 1. HP: 23/23 MP: 1/1
    11 | D:5      | Noticed a black bear
    43 | D:5      | Noticed a necrophage
    49 | D:5      | Noticed a hound
    63 | D:5      | Killed a hound
    64 | D:5      | Reached XP level 2. HP: 29/29 MP: 1/3
    64 | D:5      | Reached XP level 3. HP: 35/35 MP: 1/4
   111 | D:5      | Found a bloodstained altar of Trog.
   176 | D:5      | Learned a level 1 spell: Slow
   226 | D:3      | Reached skill level 1 in Invocations
   560 | D:2      | Reached skill level 1 in Short Blades
   560 | D:2      | Reached skill level 1 in Long Blades
   560 | D:2      | Reached skill level 1 in Axes
   560 | D:2      | Reached skill level 1 in Maces & Flails
   560 | D:2      | Reached skill level 1 in Staves
   560 | D:2      | Reached skill level 1 in Ranged Weapons
   560 | D:2      | Reached skill level 1 in Throwing
   560 | D:2      | Reached skill level 1 in Armour
   560 | D:2      | Reached skill level 1 in Shields
   560 | D:2      | Reached skill level 1 in Unarmed Combat
   560 | D:2      | Reached skill level 1 in Spellcasting
   560 | D:2      | Reached skill level 1 in Evocations
   570 | D:2      | Noticed Natasha
   580 | D:2      | Killed Natasha
   581 | D:2      | Reached XP level 4. HP: 32/41 MP: 5/5
   677 | D:2      | Found a faded altar of an unknown god.
   685 | D:2      | Prayed at the altar of an unknown god.
   685 | D:2      | Became a worshipper of Cheibriados the Contemplative
   685 | D:2      | Reached * piety under Cheibriados
  1046 | D:1      | Reached skill level 1 in Conjurations
  1046 | D:1      | Reached skill level 1 in Hexes
  1046 | D:1      | Reached skill level 1 in Summonings
  1046 | D:1      | Reached skill level 1 in Necromancy
  1046 | D:1      | Reached skill level 1 in Translocations
  1046 | D:1      | Reached skill level 1 in Transmutations
  1046 | D:1      | Reached skill level 1 in Fire Magic
  1046 | D:1      | Reached skill level 1 in Ice Magic
  1046 | D:1      | Reached skill level 1 in Air Magic
  1046 | D:1      | Reached skill level 1 in Earth Magic
  1046 | D:1      | Reached skill level 1 in Poison Magic
  1507 | D:1      | Reached ** piety under Cheibriados
  1793 | D:2      | Noticed Jessica
  1808 | D:2      | Killed Jessica
  1809 | D:2      | Reached XP level 5. HP: 38/46 MP: 5/7
  1862 | D:2      | Noticed Natasha
  1868 | D:2      | Killed Natasha
  1894 | D:2      | Noticed Natasha
  1899 | D:2      | Killed Natasha
  2128 | D:2      | Learned a level 3 spell: Confusing Touch
  2606 | D:3      | Reached *** piety under Cheibriados
  2657 | D:3      | Reached XP level 6. HP: 42/53 MP: 5/8
  2679 | D:3      | Reached skill level 5 in Polearms
  2679 | D:3      | Reached skill level 5 in Dodging
  2987 | D:3      | Reached **** piety under Cheibriados
  2995 | D:3      | Noticed Robin
  3012 | D:3      | Slain by Robin

Illustrated notes

Levels and vault maps discovered:
D:1:      dpeg_arrival_pond, layout_basic, dreamdust_wishing_well,
          minmay_misc_feat_x, minmay_ruptured
D:2:      minmay_recursive_quarters, layout_rooms,
          hellmonk_ecumenical_altar_zigzags, uniq_natasha, uniq_jessica
D:3:      kennysheep_goblin_castle, layout_basic
D:4:      layout_rooms, kennysheep_mini_moat, uniq_blork_the_orc, uniq_duvessa,
          uniq_robin, uniq_pikel
D:5:      layout_loops_ring, bloody_trog

Skill      XL: |  1  2  3  4  5  6 |
---------------+-------------------+-----
Stealth        | |  9.8
Invocations    | 1 2 |  2.2
Short Blades   | 1 2 |  2.0
Long Blades    | 1 2 |  2.0
Axes           | 1 2 |  2.0
Maces & Flails | 1 2 |  2.0
Staves         | 1 2 |  2.0
Ranged Weapons | 1 2 |  2.0
Throwing       | 1 2 |  2.0
Armour         | 1 2 |  2.0
Shields        | 1 2 |  2.0
Unarmed Combat | 1 2 |  2.0
Spellcasting   | 1 2 |  2.0
Evocations     | 1 2 |  2.0
Conjurations   | 1 |  1.6
Hexes          | 1 |  1.6
Summonings     | 1 |  1.6
Necromancy     | 1 |  1.6
Translocations | 1 |  1.6
Transmutations | 1 |  1.6
Fire Magic     | 1 |  1.6
Ice Magic      | 1 |  1.6
Air Magic      | 1 |  1.6
Earth Magic    | 1 |  1.6
Poison Magic   | 1 |  1.6
Polearms       | 5 |  5.0
Dodging        | 5 |  5.0
Fighting       | |  6.8

Action                   |  1- 3 |  4- 6 || total
-------------------------+-------+-------++-------
Melee: Spear             |    52 |    16 ||    68
       Bite              |     2 |     6 ||     8
       Long sword        |       |    67 ||    67
       Punch             |       |     1 ||     1
 Fire: Sling             |       |   104 ||   104
Throw: Stone             |       |    18 ||    18
 Cast: Slow              |       |    10 ||    10
  Use: Scroll            |       |    10 ||    10
       Potion            |       |     1 ||     1
 Stab: Sleeping          |     8 |     1 ||     9
Armor: Leather armour    |     4 |     2 ||     6
       Animal skin       |     2 |     2 ||     4
       Chain mail        |       |     3 ||     3
       Robe              |       |    20 ||    20
Dodge: Dodged            |    20 |    90 ||   110
